 Dungeon Crawl Stone Soup version 0.16.2-14-g7133f4a77c (webtiles) character file.

93268 faibistes the Eclecticist (level 15, -11/72 HPs)
             Began as a Deep Elf Wizard on Sept 14, 2021.
             Was the Champion of Sif Muna.
             Engulfed by a fire elemental's flame (14 damage)
             ... led by Azrael
             ... on level 1 of the Elven Halls on Sept 15, 2021.
             The game lasted 02:23:34 (42951 turns).

faibistes the Eclecticist (Deep Elf Wizard)        Turns: 42951, Time: 02:23:35

Health: -11/72     AC: 12    Str:  4    XL:     15   Next: 60%
Magic:  13/41      EV: 18    Int: 33    God:    Sif Muna [******]
Gold:   1007       SH:  0    Dex: 15    Spells: 12 memorised, 0 levels left

rFire  . . .     SeeInvis .     F - staff of conjuration
rCold  . . .     Clarity  .     W - +2 robe {Archmagi}
rNeg   . . .     SustAb   .     (no shield)
rPois  .         Gourm    .     A - +2 helmet of Maupsup {Regen+ Int+3}
rElec  .         Spirit   .     f - +0 cloak
rCorr  .         Warding  .     z - +2 pair of gloves
rMut   .         Stasis   .     y - +0 pair of boots
MR     +....                    m - amulet of regeneration
Stlth  ++........               S - ring of wizardry
                                e - +2 ring of dexterity

@: repel missiles, somewhat resistant to hostile enchantments, unstealthy
A: no striking features
a: Channel Energy, Forget Spell, Renounce Religion


You were on level 1 of the Elven Halls.
You worshipped Sif Muna.
Sif Muna was exalted by your worship.
You were not hungry.

You visited 5 branches of the dungeon, and saw 28 of its levels.
You also visited: Sewer.

You collected 2342 gold pieces.
You spent 1335 gold pieces at shops.

Inventory:

Hand weapons
 w - a +7 dagger of venom
Armour
 f - a +0 cloak (worn)
 y - a +0 pair of boots (worn)
 z - a +2 pair of gloves (worn)
 A - the +2 helmet of Maupsup (worn) {Regen+ Int+3}
   (You found it on level 3 of the Orcish Mines)

   It affects your intelligence (+3).
   It increases your rate of regeneration.
 W - a +2 robe of the Archmagi (worn)
 Z - a +1 hat of magic resistance
Magical staves
 D - an uncursed staff of earth
 F - an uncursed staff of conjuration (weapon)
Jewellery
 e - a +2 ring of dexterity (left hand)
 m - an amulet of regeneration (around neck)
 M - a +6 ring of slaying
 S - a ring of wizardry (right hand)
Magical devices
 a - a wand of polymorph (14)
 b - a wand of fire (7)
 p - a wand of hasting (2)
 v - a wand of lightning (6)
 x - a wand of slowing (10)
 I - a wand of digging (11)
 K - a wand of confusion (13)
 O - a wand of paralysis (8)
 P - a wand of digging (3)
 Q - a wand of cold (6)
 R - a wand of draining (2)
 V - a wand of digging (12)
Scrolls
 c - a scroll of noise
 j - 8 scrolls of teleportation
 r - 2 scrolls of blinking
 B - 6 scrolls of remove curse
 G - 2 scrolls of magic mapping
 T - a scroll of fog
Potions
 g - 14 potions of curing
 i - 6 potions of brilliance
 l - a potion of cancellation
 q - 8 potions of heal wounds
 s - a potion of ambrosia
 u - 5 potions of haste
 C - a potion of magic
 E - 4 potions of flight
 J - 6 potions of restore abilities
 U - a potion of cure mutation
 Y - a potion of invisibility
Miscellaneous
 k - a phial of floods
Comestibles
 d - 12 bread rations
 h - 8 meat rations
 n - 2 fruits
 o - 6 chunks of flesh
 t - 5 slices of pizza
 X - 2 royal jellies


   Skills:
 - Level 10.1 Dodging
 - Level 2.4 Stealth
 * Level 18.1 Spellcasting
 * Level 12.0 Conjurations
 * Level 1.5 Summonings
 * Level 2.3 Translocations
 - Level 3.1 Transmutations
 * Level 12.3 Fire Magic
 * Level 12.1 Earth Magic
 - Level 10.4 Invocations
 - Level 9.2 Evocations


You couldn't memorise any spells.
You knew the following spells:

 Your Spells              Type           Power        Failure   Level  Hunger
a - Iskenderun's Mystic   Conj           ########     1%          4    None
b - Conjure Flame         Conj/Fire      ########     1%          3    None
c - Summon Forest         Summ/Tloc      ######....   9%          5    None
d - Blink                 Tloc           N/A          1%          2    None
e - Mephitic Cloud        Conj/Pois/Air  #######.     1%          3    None
f - Repel Missiles        Chrm/Air       #####.       1%          2    None
g - Iron Shot             Conj/Erth      ########..   1%          6    None
i - Ignite Poison         Fire/Trmt      #######...   1%          5    None
l - Lee's Rapid Deconstr  Erth           ########..   1%          5    None
v - Bolt of Fire          Conj/Fire      ########..   1%          6    None
x - Force Lance           Conj/Tloc      ########     1%          4    None
z - Fireball              Conj/Fire      ########..   1%          5    None


Dungeon Overview and Level Annotations

Branches:
Dungeon (13/15)            Temple (1/1) D:7            Lair (8/8) D:10
  Swamp (0/5) Lair:6       Shoals (0/5) Lair:5       Spider (0/5) Lair:3
  Slime (0/6) Lair:7          Orc (4/4) D:12            Elf (2/3) Orc:3
 Vaults: D:13-14

Altars:
Ashenzari
Cheibriados
Dithmenos
Elyvilon
Fedhas
Gozag
Kikubaaqudgha
Makhleb
Nemelex Xobeh
Okawaru
Qazlal
Ru
Sif Muna
Trog
Vehumet
Xom
Yredelemnul
Zin
The Shining One
Beogh

Shops:
D:7 (   D:10 %   Orc:1 :   Orc:4 *!}%

Portals:
Hell: Lair:8
Trove: D:10 (give 13 scrolls of teleportation)

Annotations:
Elf:2 Azrael


Message History

Confirm with . or Enter, or press ? or * to list all spells.
Aiming: Iskenderun's Mystic Blast
Press: ? - help, Shift-Dir - straight line, f/p - fire elemental
Aim: a fire elemental (severely damaged)
You feel a strong surge of power!
The orb of energy misses the fire elemental.
Casting: Iskenderun's Mystic Blast
Confirm with . or Enter, or press ? or * to list all spells.
Aiming: Iskenderun's Mystic Blast
Press: ? - help, Shift-Dir - straight line, f/p - fire elemental
Aim: a fire elemental (flame, severely damaged)
You feel a strong surge of power!
The orb of energy hits the fire elemental.
The fire elemental is severely damaged.
The fire elemental hits you. The fire elemental burns you!
* * * LOW HITPOINT WARNING * * *
Casting: Iskenderun's Mystic Blast
Confirm with . or Enter, or press ? or * to list all spells.
You feel a surge of power!
You blink.
You are engulfed in roaring flames.
You die...

#..### ######..#
#####.......#
#...'.......#
#...'P....#.+
#..##.......#
##)§##.....#.#
######EE..#.....#.#
#..##>@.........#.#
#...[§..........#.
#...'§..........+
#+###.[.........
##...##... .....#..
...... ...... ....


You could see 2 fire elementals.

Vanquished Creatures
  Gastronok (Lair:2)
  An orc warlord (Orc:3)
  Jorgrun (Elf:1)
  Snorg (Lair:6)
  6 hydras
  Erica (Lair:1)
  2 ogre magi (Orc:4)
  A centaur warrior (D:11)
  5 death yaks (Lair:8)
  A sun demon (Lair:8)
  An orc high priest (Orc:3)
  An unseen horror (D:12)
  An iron troll (Orc:4)
  A deep troll (Orc:4)
  A deep elf summoner (Elf:1)
  A wizard (Lair:8)
  3 hill giants
  Pikel (D:5)
  4 cyclopes
  5 deep elf conjurers (Elf:1)
  A lindwurm (Lair:8)
  An orc sorcerer (Orc:3)
  An ugly thing (D:11)
  5 orc knights
  A sixfirhy (Lair:8)
  19 elephants
  2 sirens (Lair:5)
  A smoke demon (Lair:8)
  3 orange demons (Lair:8)
  2 torpor snails
  A gargoyle (D:10)
  Psyche (Orc:2)
  4 black mambas
  24 spiny frogs
  12 komodo dragons
  2 red devils (Lair:8)
  A deep elf priest (Orc:3)
  9 trolls
  7 two-headed ogres
  4 fire drakes
  3 blue devils (Lair:8)
  2 merfolk (Lair:5)
  2 polar bears
  The ghost of MisterOstroum the Skirmisher, an average HECK of Nemelex Xobeh (D:4)
  Grinder (D:5)
  4 blink frogs
  2 boulder beetles (Lair:8)
  6 basilisks
  4 slime creatures (D:12)
  2 wyverns
  3 deep elf magi
  A wraith (D:10)
  57 yaks
  7 deep elf fighters (Elf:1)
  4 hippogriffs
  12 wolves
  2 hungry ghosts
  6 swamp worms (Lair:6)
  5 wargs
  3 hell hounds
  31 orc warriors
  The ghost of faibistes the Magician, an average DEWz (D:3)
  3 sky beasts
  24 water moccasins
  A black bear (D:10)
  18 porcupines
  33 ogres
  3 phantoms
  12 centaurs
  A slave (D:5)
  3 wasps
  A boring beetle (Lair:8)
  9 crocodiles
  An ice beast (D:11)
  Sigmund (D:6)
  Duvessa (D:5)
  18 giant frogs
  3 gnoll sergeants
  5 big kobolds
  5 scorpions
  A water moccasin skeleton (D:7)
  A wyvern skeleton (D:10)
  13 wights
  17 killer bees
  11 electric eels
  A giant frog zombie (D:6)
  7 goliath beetles
  3 centaur zombies
  Dowan (D:5)
  4 crimson imps
  9 hounds
  7 iguanas
  3 giant frog skeletons
  6 jellies
  Crazy Yiuf (D:2)
  4 centaur skeletons
  30 orc priests
  2 quasits
  Natasha (D:6)
  31 orc wizards
  12 worker ants
  13 sheep
  Ijyb (D:3)
  Jessica (D:2)
  Terence (D:2)
  A mummy (D:8)
  A worker ant zombie (D:9)
  28 adders
  69 river rats
  22 gnolls
  4 shadow imps
  3 giant mites
  2 worms
  2 adder zombies
  An adder skeleton (D:10)
  7 giant geckos
  5 oozes
  181 orcs
  6 ball pythons
  11 bats
  5 giant cockroaches
  21 goblins
  24 hobgoblins
  27 kobolds
  12 quokkas
  A giant gecko skeleton (D:9)
  5 giant newts
  A giant spore (D:7)
  9 jackals
  A jackal skeleton (D:5)
  14 rats
  7 ballistomycetes
  4 bushes
  8 fungi
  5 plants
1109 creatures vanquished.

Vanquished Creatures (collateral kills)
  A giant gecko (D:4)
  An orc (D:5)
  A goblin (D:4)
  A kobold (D:2)
4 creatures vanquished.

Vanquished Creatures (others)
  A boulder beetle (Lair:7)
  2 slaves
  3 gnolls (D:6)
  An adder (D:6)
  A white imp (D:4)
  An orc (D:7)
  A hobgoblin (D:7)
  A jackal (D:6)
  A kobold (D:10)
  A bat (D:5)
  4 giant spores
  A ballistomycete (D:12)
  19 fungi
  7 plants
44 creatures vanquished.

Grand Total: 1157 creatures vanquished

Notes
Turn   | Place    | Note
--------------------------------------------------------------
     0 | D:1      | faibistes, the Deep Elf Wizard, began the quest for the Orb.
     0 | D:1      | Reached XP level 1. HP: 10/10 MP: 6/6
   234 | D:2      | Reached XP level 2. HP: 15/15 MP: 7/9
   253 | D:2      | Learned a level 2 spell: Blink
   256 | D:2      | Learned a level 2 spell: Call Imp
   313 | D:2      | Found a blossoming altar of Fedhas.
   334 | D:2      | Found a stormy altar of Qazlal.
   721 | D:1      | Reached XP level 3. HP: 19/19 MP: 7/13
   726 | D:1      | Learned a level 3 spell: Conjure Flame
   730 | D:1      | Learned a level 3 spell: Mephitic Cloud
   776 | D:1      | Reached skill level 5 in Spellcasting
  1338 | D:2      | Noticed Jessica
  1349 | D:2      | Killed Jessica
  1390 | D:2      | Reached XP level 4. HP: 13/24 MP: 3/17
  1420 | D:2      | HP: 1/24 [poisoned by an adder]
  1763 | D:2      | Learned a level 2 spell: Repel Missiles
  1805 | D:2      | Noticed Terence
  1818 | D:2      | Killed Terence
  2153 | D:2      | Noticed Crazy Yiuf
  2158 | D:2      | Killed Crazy Yiuf
  2158 | D:2      | Reached skill level 6 in Spellcasting
  2342 | D:3      | Noticed Ijyb
  2354 | D:3      | Killed Ijyb
  2354 | D:3      | Reached XP level 5. HP: 28/28 MP: 5/20
  2756 | D:4      | Found a glowing drain.
  2763 | Sewer    | Entered a sewer
  2912 | Sewer    | Reached skill level 7 in Spellcasting
  2912 | Sewer    | Reached XP level 6. HP: 27/32 MP: 0/23
  3188 | Sewer    | Reached skill level 5 in Dodging
  3388 | D:4      | Noticed MisterOstroum's ghost (average HECK)
  3580 | D:3      | Learned a level 4 spell: Iskenderun's Mystic Blast
  3694 | D:3      | Noticed a worker ant
  3702 | D:3      | Killed a worker ant
  3702 | D:3      | Reached XP level 7. HP: 36/36 MP: 15/25
  3804 | D:3      | Noticed faibistes' ghost (average DEWz)
  3818 | D:3      | Killed faibistes' ghost
  4320 | D:4      | Killed MisterOstroum's ghost
  4320 | D:4      | Reached skill level 8 in Spellcasting
  4320 | D:4      | Reached skill level 5 in Conjurations
  4401 | D:5      | Entered Level 5 of the Dungeon
  4415 | D:5      | Noticed Duvessa
  4460 | D:4      | Reached XP level 8. HP: 41/41 MP: 6/27
  4523 | D:5      | Noticed Dowan
  5231 | D:4      | Reached skill level 9 in Spellcasting
  5584 | D:6      | Noticed Pikel
  5897 | D:5      | Killed Pikel
  5897 | D:5      | Reached skill level 10 in Spellcasting
  6256 | D:5      | Killed Dowan
  6256 | D:5      | Reached skill level 1 in Evocations
  6270 | D:5      | Killed Duvessa
  6438 | D:5      | Reached XP level 9. HP: 45/45 MP: 16/30
  6653 | D:6      | Noticed Natasha
  6655 | D:6      | Killed Natasha
  6660 | D:6      | Got a transparent dagger
  6661 | D:6      | Identified the +11 dagger of Yluikhle {pierce, -Cast rF++ rN+} (You found it on level 6 of the Dungeon)
  6835 | D:5      | Noticed Grinder
  6847 | D:5      | Killed Grinder
  7244 | D:6      | Noticed Sigmund
  7252 | D:6      | Killed Sigmund
  7567 | D:6      | Reached skill level 5 in Evocations
  7793 | D:6      | Found a shadowy altar of Dithmenos.
  8223 | D:7      | Reached skill level 10 in Dodging
  8624 | D:7      | Found a staircase to the Ecumenical Temple.
  8631 | Temple   | Entered the Ecumenical Temple
  8640 | Temple   | Became a worshipper of Sif Muna the Loreminder
  8819 | D:7      | Found Jev Bit's Weapon Boutique.
  8907 | D:7      | Reached skill level 1 in Invocations
  8961 | D:7      | Reached skill level 1 in Fire Magic
  9059 | D:7      | Found a bloodstained altar of Trog.
  9167 | D:7      | Found a sacrificial altar of Ru.
  9276 | D:8      | Reached XP level 10. HP: 48/50 MP: 8/31
  9805 | D:8      | Found a sacrificial altar of Ru.
  9806 | D:8      | Found an opulent altar of Gozag.
 10146 | D:8      | Acquired Sif Muna's first power
 11122 | D:9      | Reached skill level 11 in Spellcasting
 11326 | D:9      | Acquired Sif Muna's second power
 11519 | D:10     | Entered Level 10 of the Dungeon
 11954 | D:10     | Found a staircase to the Lair.
 12055 | D:9      | Reached skill level 5 in Fire Magic
 12166 | D:9      | Found a shimmering altar of Xom.
 12677 | D:9      | Reached skill level 5 in Invocations
 12680 | D:9      | Reached XP level 11. HP: 54/54 MP: 9/33
 12720 | D:9      | Reached skill level 12 in Spellcasting
 13219 | D:11     | Noticed a five-headed hydra
 13440 | D:10     | Learned a level 5 spell: Bolt of Magma
 13468 | D:10     | Found Friulur's Food Shoppe.
 14016 | D:11     | Killed a five-headed hydra
 14016 | D:11     | Reached skill level 1 in Earth Magic
 14449 | D:10     | Found a portal to a secret trove of treasure.
 15230 | D:11     | Noticed a centaur warrior
 15241 | D:11     | Killed a centaur warrior
 15456 | D:11     | Noticed a hill giant
 15475 | D:11     | Killed a hill giant
 15475 | D:11     | Acquired Sif Muna's third power
 15475 | D:11     | Reached skill level 13 in Spellcasting
 16921 | D:12     | Reached XP level 12. HP: 50/59 MP: 26/35
 17356 | D:12     | Reached skill level 5 in Earth Magic
 17651 | Lair:1   | Entered Level 1 of the Lair of Beasts
 18132 | Lair:1   | Noticed Erica
 18199 | Lair:1   | Killed Erica
 19364 | Lair:2   | Noticed Gastronok
 19497 | Lair:1   | Reached skill level 14 in Spellcasting
 19622 | Lair:2   | Killed Gastronok
 20447 | Lair:2   | Learned a level 6 spell: Iron Shot
 21138 | Lair:3   | Received a gift from Sif Muna
 21138 | Lair:3   | Reached XP level 13. HP: 63/63 MP: 26/37
 21145 | Lair:3   | Identified Duullig's Almanac of Clay (Sif Muna gifted it to you on level 3 of the Lair of Beasts)
 22021 | Lair:3   | Learned a level 5 spell: Fireball
 22027 | Lair:3   | Learned a level 5 spell: Ignite Poison
 22100 | Lair:2   | Learned a level 6 spell: Bolt of Fire
 22128 | Lair:3   | Found a hole to the Spider Nest.
 22337 | Lair:3   | Noticed a seven-headed hydra
 22348 | Lair:3   | Killed a seven-headed hydra
 22348 | Lair:3   | Reached skill level 1 in Transmutations
 22668 | Lair:3   | Reached skill level 15 in Spellcasting
 23228 | Lair:4   | Reached skill level 10 in Invocations
 23238 | Lair:4   | Reached skill level 10 in Conjurations
 24389 | Lair:5   | Found a staircase to the Shoals.
 26210 | Lair:6   | Noticed Snorg
 26215 | Lair:6   | Killed Snorg
 26827 | Lair:6   | Received a gift from Sif Muna
 26828 | Lair:6   | Identified Sif Muna's Reference Book on Battle Magic (Sif Muna gifted it to you on level 6 of the Lair of Beasts)
 26834 | Lair:6   | Learned a level 4 spell: Force Lance
 26939 | Lair:6   | Found a staircase to the Swamp.
 27418 | Lair:8   | Entered Level 8 of the Lair of Beasts
 27563 | Lair:7   | Found a staircase to the Slime Pits.
 28097 | Lair:7   | Reached XP level 14. HP: 68/68 MP: 23/38
 28549 | Lair:7   | Reached skill level 16 in Spellcasting
 29801 | Lair:8   | Reached skill level 10 in Fire Magic
 30210 | Lair:8   | Reached skill level 10 in Earth Magic
 30221 | Lair:8   | Received a gift from Sif Muna
 30222 | Lair:8   | Identified Sif Muna's Collected Works on Battle Magic (Sif Muna gifted it to you on level 8 of the Lair of Beasts)
 31375 | Lair:8   | Found a burning altar of Makhleb.
 31954 | Lair:8   | Found a gateway to Hell.
 31958 | Lair:8   | Reached skill level 17 in Spellcasting
 32026 | Lair:8   | Identified a +4 rod of inaccuracy (10/10) (You found it on level 8 of the Lair of Beasts)
 33695 | D:12     | Killed an unseen horror
 34077 | D:12     | Found a staircase to the Orcish Mines.
 34382 | Lair:2   | Learned a level 5 spell: Lee's Rapid Deconstruction
 34833 | Orc:1    | Entered Level 1 of the Orcish Mines
 35226 | Orc:3    | Received a gift from Sif Muna
 35529 | Orc:4    | Entered Level 4 of the Orcish Mines
 35937 | Orc:1    | Found Ghiurivviti's Book Boutique.
 36192 | Orc:2    | Noticed Psyche
 36193 | Orc:2    | Killed Psyche
 36665 | Orc:1    | Reached XP level 15. HP: 72/72 MP: 17/40
 37866 | Orc:2    | Found a roughly hewn altar of Beogh.
 39394 | Orc:3    | Noticed an orc warlord
 39396 | Orc:3    | Killed an orc warlord
 39470 | Orc:3    | Found a staircase to the Elven Halls.
 39672 | Orc:3    | Found a roughly hewn altar of Beogh.
 40174 | Orc:3    | Got a faintly glowing helmet
 40185 | Orc:3    | Identified the +2 helmet of Maupsup {Regen+ Int+3} (You found it on level 3 of the Orcish Mines)
 40781 | Orc:4    | Found Qaysh's Distillery.
 41700 | Orc:4    | Received a gift from Sif Muna
 41701 | Orc:4    | Identified Sif Muna's Tome of Confrontation (Sif Muna gifted it to you on level 4 of the Orcish Mines)
 41720 | Orc:4    | Found Qypu's General Store.
 41761 | Orc:4    | Found Mejiege's Food Emporium.
 41764 | Orc:4    | Found Shein's Gadget Shoppe.
 41765 | Orc:4    | Bought a potion of cure mutation for 525 gold pieces
 41765 | Orc:4    | Bought 2 potions of haste for 300 gold pieces
 41775 | Orc:4    | Bought a scroll of identify for 30 gold pieces
 41792 | Orc:4    | Bought a phial of floods for 480 gold pieces
 41816 | Orc:4    | Reached skill level 18 in Spellcasting
 42240 | Lair:2   | Learned a level 5 spell: Summon Forest
 42498 | Elf:1    | Entered Level 1 of the Elven Halls
 42877 | Elf:2    | Noticed Azrael
 42877 | Elf:2    | Noticed Jorgrun
 42882 | Elf:1    | Killed Jorgrun
 42950 | Elf:1    | HP: 3/72 [fire elemental[Azrael] (10)]
 42951 | Elf:1    | Engulfed by a fire elemental's flame

Action                   |  1- 3 |  4- 6 |  7- 9 | 10-12 | 13-15 || total
-------------------------+-------+-------+-------+-------+-------++-------
Melee: Unarmed           |     4 |       |       |       |       ||     4
       Dagger            |       |     6 |    22 |    18 |     6 ||    52
       Staff             |       |       |     1 |    23 |    16 ||    40
       Spear             |       |       |       |    12 |       ||    12
 Cast: Magic Dart        |    75 |   114 |   237 |   172 |    12 ||   610
       Call Imp          |     2 |     1 |       |       |       ||     3
       Mephitic Cloud    |     1 |    10 |    25 |    41 |     4 ||    81
       Conjure Flame     |       |     8 |    31 |    93 |    45 ||   177
       Repel Missiles    |       |     1 |     2 |     3 |     1 ||     7
       Blink             |       |     9 |    12 |     6 |    11 ||    38
       Iskenderun's Myst |       |       |    68 |   271 |    47 ||   386
       Bolt of Magma     |       |       |       |     5 |     5 ||    10
       Fireball          |       |       |       |       |   401 ||   401
       Ignite Poison     |       |       |       |       |    43 ||    43
       Bolt of Fire      |       |       |       |       |    42 ||    42
       Force Lance       |       |       |       |       |    59 ||    59
       Iron Shot         |       |       |       |       |    16 ||    16
       Lee's Rapid Decon |       |       |       |       |    45 ||    45
Invok: Channel Energy    |       |       |       |    25 |    30 ||    55
       Forget Spell      |       |       |       |       |     1 ||     1
  Use: Scroll            |       |     3 |    12 |     8 |    17 ||    40
       Potion            |       |       |       |       |     3 ||     3
 Stab: Confused          |       |       |       |     2 |       ||     2
  Eat: Chunk             |     1 |     6 |    17 |    35 |    68 ||   127
       Fruit             |       |     2 |       |     7 |     5 ||    14
       Beef jerky        |       |       |       |     1 |     2 ||     3
